 Dungeon Crawl Stone Soup version 0.26-a0-812-g31a745ddcd (webtiles) character file.

Game seed: 8718871258759232100

371 Lanoc the Vexing (level 6, -10/55 HPs)
             Began as a Naga Arcane Marksman on Nov 19, 2020.
             Mangled by an ogre
             ... wielding a +0 giant club
              (25 damage)
             ... on level 4 of the Dungeon.
             The game lasted 00:04:03 (2374 turns).

Lanoc the Vexing (Naga Arcane Marksman)             Turns: 2374, Time: 00:04:03

Health: -10/55     AC:  3    Str: 12    XL:     6   Next: 70%
Magic:  7/7        EV: 11    Int: 14    God:
Gold:   105        SH:  0    Dex: 13    Spells: 4/7 levels left

rFire    . . .     SeeInvis +   a - +0 shortbow
rCold    . . .     Faith    .   (shield currently unavailable)
rNeg     . . .     Spirit   .   k - +0 robe {MR+}
rPois    +         Reflect  .   (no helmet)
rElec    .         Harm     .   (no cloak)
rCorr    .         Rampage  .   (no gloves)
MR       +....                  (no barding)
Stlth    +.........             (no amulet)
HPRegen  0.18/turn              (no ring)
MPRegen  0.10/turn              (no ring)

@: mighty, very slow
A: large, see invisible, deformed body, poison resistance, slowness 2, spit
poison 1, AC +2
a: Spit Poison


You were on level 4 of the Dungeon.
You visited 1 branch of the dungeon, and saw 4 of its levels.

You collected 105 gold pieces.

Inventory:

Hand Weapons
 a - a +0 shortbow (weapon)
 b - a +0 rapier
Missiles
 d - 18 arrows (quivered)
Armour
 k - a +0 robe of magic resistance (worn)
Wands
 m - a wand of flame (21)
Scrolls
 c - 2 scrolls of identify
Potions
 e - a potion of curing
 f - a potion of degeneration
 i - a potion of might
 j - 2 potions of haste {unknown}


   Skills:
 + Level 2.9 Fighting
 * Level 4.1 Bows
 + Level 2.8 Dodging
 - Level 1.0 Spellcasting
 + Level 4.2 Hexes


You had 4 spell levels left.
You knew the following spells:

 Your Spells              Type           Power        Failure   Level
a - Corona                Hex            ##.....      4%          1
b - Slow                  Hex            ##......     7%          2

Your spell library contained the following spells:

 Spells                   Type           Power        Failure   Level
 Inner Flame              Hex/Fire       #.......     32%         3
 Portal Projectile        Hex/Tloc       #.....       32%         3
 Cause Fear               Hex            ##........   43%         4
 Leda's Liquefaction      Hex/Erth       #.........   73%         4


Dungeon Overview and Level Annotations

Branches:
Dungeon (4/15)
 Temple: D:4-7

Altars:
Elyvilon
Makhleb

Shops:
D:4 }


Innate Abilities, Weirdness & Mutations

You cannot wear boots.
Your serpentine skin is tough. (AC +2)
You have supernaturally acute eyesight. (SInv)
Armour fits poorly on your strangely shaped body.
Your system is resistant to poisons. (rPois)
You cover ground very slowly.
You can spit poison.


Message History

The creatures around you are filled with an inner flame!
It was a scroll of immolation.
The orc wizard hits you but does no damage.
The ogre closely misses you.
As you read the scroll labelled ONONIC RUTUOTO, it crumbles to dust.
It is a scroll of amnesia.
Really abort (and waste the scroll)?
Okay, then.
The orc wizard barely misses you.
As you read the scroll labelled ULEUTAX ORAOL, it crumbles to dust.
Your ears itch!
It was a scroll of random uselessness.
The orc wizard closely misses you.
The ogre hits you with a +0 giant club!!
* * * LOW HITPOINT WARNING * * *
It was a potion of might.
You feel very mighty all of a sudden. The orc wizard casts a spell at you.
The puff of flame misses you.
The ogre hits you with a +0 giant club!!
You die...

.# ..####........###).)## #...
.###..##......#...##.....###....
#.#...##.....##...#.......#.....
#...###......##...'.......#..#..
##..##.)....####...#.......#.....
#....#.###### #...##.....##.....
.##..(.# #...###..(###..##.
####...# #...# ##### #)..##
.####..# #@..# ...... ..####.#
.....ooO..# #... #...##.#
......#...# #.(. ###....#
.!...##...# ##... ##...# #..(#
#.... ##..#. ###.#######
#############...#.
##........................#..
##.#...........<.......###....
##..#....................##....


You could see an ogre (inner flame), an orc wizard (inner flame) and an orc
(inner flame).

Vanquished Creatures
  4 orc priests (D:4)
  2 hounds (D:4)
  Jessica (D:3)
  An iguana (D:4)
  2 orc wizards (D:4)
  A worker ant (D:4)
  3 adders
  A dart slug (D:3)
  4 leopard geckos
  5 orcs (D:4)
  A giant cockroach (D:3)
  2 goblins
  2 hobgoblins
  6 jackals
  A ball python (D:2)
  A bat (D:3)
  2 frilled lizards
  A kobold (D:3)
  6 rats
46 creatures vanquished.

Notes
Turn   | Place    | Note
-------+----------+-------------------------------------------
     0 | D:1      | Lanoc the Naga Arcane Marksman began the quest for the Orb.
     0 | D:1      | Reached XP level 1. HP: 18/18 MP: 2/2
   174 | D:2      | Reached XP level 2. HP: 25/25 MP: 3/3
   262 | D:3      | Found a white marble altar of Elyvilon.
   372 | D:3      | Reached XP level 3. HP: 23/31 MP: 4/4
   460 | D:3      | Found a burning altar of Makhleb.
   994 | D:3      | Noticed Jessica
   997 | D:3      | Killed Jessica
   997 | D:3      | Reached XP level 4. HP: 19/39 MP: 5/5
  1517 | D:4      | Found Neettul's Gadget Emporium.
  1590 | D:4      | Learned a level 2 spell: Slow
  1624 | D:4      | Reached XP level 5. HP: 45/45 MP: 6/6
  1853 | D:4      | Reached XP level 6. HP: 48/55 MP: 7/7
  2374 | D:4      | Mangled by an ogre

Illustrated notes

Levels and vault maps discovered:
D:1:      nzn_arrival_settlement, layout_basic, minmay_tetromino_s2
D:2:      layout_rooms
D:3:      layout_basic, elyvilon_altar_5, bloody_makhleb, uniq_jessica
D:4:      minmay_opposing_rooms, layout_layer_cave, serial_shops, shop_statue,
          shop

Skill      XL: |  1  2  3  4  5  6 |
---------------+-------------------+-----
Bows           | 2 3 4 |  4.1
Dodging        | 2 |  2.8
Fighting       | 2 |  2.9
Hexes          | 4 |  4.2
Spellcasting   | |  1.0

Action                   |  1- 3 |  4- 6 || total
-------------------------+-------+-------++-------
 Fire: Shortbow          |    63 |    74 ||   137
 Abil: Spit Poison       |     9 |    15 ||    24
  Use: Scroll            |       |     4 ||     4
       Potion            |       |     2 ||     2
Armor: Robe              |     2 |     4 ||     6
Dodge: Dodged            |    15 |    30 ||    45

Table legend: (Time is in decaauts)
 A = Elapsed time spent in this place.
 B = Non-inter-level travel time spent in this place.
 C = Inter-level travel time spent in this place.
 D = Time resting spent in this place.
 E = Time spent auto-exploring this place.
 F = Levels seen in this place.
 G = Mean time per level.
                   A        B        C        D        E       F      G
               +--------+--------+--------+--------+--------+-----+--------+
         Total |   2902 |   2841 |     61 |      0 |   2525 |   4 |  725.5 |
       Dungeon |   2902 |   2841 |     61 |      0 |   2525 |   4 |  725.5 |
               +--------+--------+--------+--------+--------+-----+--------+

Top non-repeatable levels by time:
     D:3: 1650 daAuts
     D:4: 1014 daAuts
     D:1: 160 daAuts
     D:2: 77 daAuts
